 Dungeon Crawl Stone Soup version 0.31-a0-920-g28cbb04a8c (webtiles) character file.

Game seed: 7562626233438886251

320251 Arzdou the Gelid (level 20, -3/137 HPs)
             Began as a Demonspawn Shapeshifter on Oct 16, 2023.
             Was the Champion of Hepliaklqana.
             Shot with a bolt by a yaktaur captain (9 damage)
             ... on level 2 of the Vaults on Oct 17, 2023.
             The game lasted 03:24:58 (50393 turns).

Arzdou the Gelid (Demonspawn Shapeshifter)         Turns: 50393, Time: 03:24:59

Health: -3/137     AC:  8    Str: 15      XL:     20   Next: 62%
Magic:  25/39      EV: 19    Int: 34 (35) God:    Hepliaklqana [******]
Gold:   1383       SH:  0    Dex: 21      Spells: 10/49 levels left

rFire   + . .        Z - +8 Vampire's Tooth {megavamp}
rCold   + . .        t - crystal ball of Wucad Mu {*channel}
rNeg    . . .        n - +2 robe {rC+ rF+}
rPois   +            U - +0 hat of Mezcal {rPois Int+4}
rElec   .            (cloak unavailable)
rCorr   .            g - +2 pair of gloves
SInv    +            m - +0 pair of boots of Happy Babbling {Int+5 SInv}
Will    +....        f - amulet of magic regeneration
Stlth   +++++++      C - ring "Fouqehoc" {Fly Int+4 Dex+6}
HPRegen 0.42/turn    e - ring "Xynkus" {Wiz Int+2 Stlth+}
MPRegen 0.66/turn

%: wizardry (x1), channel magic (40%)
@: animating dead, flying
A: reduced essence, thin skeletal structure 2, ignite blood 3, demonic magic 2,
bedeviling, weakness stinger 3, clumsy 1, screaming 1
}: 2/15 runes: decaying, serpentine
a: Renounce Religion, Recall Ancestor, Ancestor Identity, Transference, Idealise


You were on level 2 of the Vaults.
You worshipped Hepliaklqana.
Hepliaklqana was exalted by your worship.
You visited 7 branches of the dungeon, and saw 33 of its levels.
You also visited: Trove, Bailey and Wizlab.

You collected 3866 gold pieces.
You spent 2483 gold pieces at shops.

Inventory:

Hand Weapons
 Z - the +8 Vampire's Tooth (weapon) {megavamp}
   (You found it on level 13 of the Dungeon)
Missiles
 c - 6 curare-tipped darts
 L - 4 throwing nets
Armour
 g - a +2 pair of gloves (worn)
 m - the +0 pair of boots of Happy Babbling (worn) {Int+5 SInv}
   (You acquired it on level 6 of the Dungeon)

   Int+5:     It affects your intelligence (+5).
   SInv:      It lets you see invisible.
 n - a +2 robe of resistance (worn)
 t - the crystal ball of Wucad Mu (worn) {*channel}
   (You acquired it in a bailey)

   *Channel:  It often returns the magic spent to cast spells, but lowers their
   success rate.
   It always returns the magic spent on miscasts.
 N - the +3 crown of Dyrovepreva {rElec Int+2 SInv}
   (You found it on level 2 of the Lair of Beasts)

   Int+2:     It affects your intelligence (+2).
   rElec:     It insulates you from electricity.
   SInv:      It lets you see invisible.
 U - the +0 hat of Mezcal (worn) {rPois Int+4}
   (You found it on level 4 of the Lair of Beasts)

   Int+4:     It affects your intelligence (+4).
   rPois:     It protects you from poison
Magical Staves
 a - a staff of death
Jewellery
 b - a +6 ring of intelligence
 d - a ring of willpower
 e - the ring "Xynkus" (right hand) {Wiz Int+2 Stlth+}
   (You found it on level 5 of the Lair of Beasts)

   [ring of wizardry]

   Wiz:       It improves your spell success rate.
   Int+2:     It affects your intelligence (+2).
   Stlth+:    It makes you more stealthy.
 f - an amulet of magic regeneration (around neck)
 r - a ring of protection from fire
 y - a +4 ring of slaying
 C - the ring "Fouqehoc" (left hand) {Fly Int+4 Dex+6}
   (You took it off a yaktaur captain on level 1 of the Vaults)

   [ring of dexterity]

   Int+4:     It affects your intelligence (+4).
   Dex+6:     It affects your dexterity (+6).
   Fly:       It grants you flight.
 M - a +4 ring of protection
 S - a ring of poison resistance
 T - a ring of flight
 X - the ring "Beaca" {rF+ rC+ rCorr Str-2}
   (You bought it in a shop on level 1 of the Snake Pit)

   [ring of protection from fire]

   Str-2:     It affects your strength (-2).
   rF+:       It protects you from fire.
   rC+:       It protects you from cold.
   rCorr:     It protects you from acid and corrosion.
Wands
 p - a wand of iceblast (20)
 D - a wand of paralysis (13)
 E - a wand of digging (14)
 J - a wand of polymorph (18)
 V - a wand of light (24)
Scrolls
 h - 2 scrolls of silence
 i - 11 scrolls of teleportation
 s - 2 scrolls of blinking
 u - 7 scrolls of revelation
 v - a scroll of fear
 x - 6 scrolls of poison
 G - 6 scrolls of torment
 K - 4 scrolls of immolation
 O - 4 scrolls of amnesia
 P - a scroll of brand weapon
 Q - a scroll of vulnerability
 W - 8 scrolls of identify
Potions
 j - 12 potions of curing
 k - 5 potions of mutation
 l - 4 potions of haste
 o - a potion of magic
 q - 5 potions of enlightenment
 w - 3 potions of berserk rage
 z - a potion of invisibility
 A - 3 potions of heal wounds
 B - 8 potions of might
 F - a potion of ambrosia
 H - 6 potions of brilliance
 R - 3 potions of attraction
 Y - 2 potions of resistance


   Skills:
 - Level 12.0 Fighting
 - Level 10.0 Short Blades
 - Level 5.0 Staves
 - Level 10.0 Dodging
 - Level 8.0 Stealth
 - Level 7.0 Unarmed Combat
 - Level 15.0 Spellcasting
 - Level 12.0 Necromancy
 + Level 16.2 Ice Magic
 + Level 15.7 Invocations
 - Level 7.0 Shapeshifting


You had 10 spell levels left.
You knew the following spells:

 Your Spells              Type           Power      Damage    Failure   Level
a - Necrotise             Necr           100%       1d9       1%          1
b - Vampiric Draining     Necr           82%        2d11      1%          3
c - Agony                 Necr           82%        N/A       1%          5
d - Freeze                Ice            100%       1d10      1%          1
e - Animate Dead          Necr           82%        N/A       1%          4
f - Frozen Ramparts       Ice            100%       1d16      1%          3
g - Ozocubu's Armour      Ice            94%        N/A       1%          3
h - Ozocubu's Refrigerat  Ice            47%        4d17      3%          7
i - Dispel Undead         Necr           82%        3d27      1%          4
j - Simulacrum            Ice/Necr       44%        N/A       1%          6
k - Blink                 Tloc           50%        N/A       3%          2

Your spell library contained the following spells:

 Spells                   Type           Power      Damage    Failure   Level
 Kiss of Death            Conj/Necr      100%       2d13      1%          1
 Ensorcelled Hibernation  Hex/Ice        100%       N/A       1%          2
 Hailstorm                Conj/Ice       69%        3d14      1%          3
 Magic Dart               Conj           100%       1d8       2%          1
 Sandblast                Erth           50%        2d12      2%          1
 Anguish                  Hex/Necr       39%        N/A       2%          4
 Call Imp                 Summ           50%        N/A       3%          2
 Momentum Strike          Conj/Tloc      50%        3d9       3%          2
 Passwall                 Tmut/Erth      20%        N/A       3%          2
 Call Canine Familiar     Summ           25%        N/A       6%          3
 Confusing Touch          Hex            38%        N/A       6%          3
 Gell's Gravitas          Tloc           25%        N/A       6%          3
 Inner Flame              Hex/Fire       38%        N/A       6%          3
 Mephitic Cloud           Conj/Pois/Air  25%        N/A       6%          3
 Sigil of Binding         Hex            38%        N/A       6%          3
 Stone Arrow              Conj/Erth      50%        3d10      6%          3
 Swiftness                Air            25%        N/A       6%          3
 Teleport Other           Tloc           25%        N/A       6%          3
 Brom's Barrelling Bould  Conj/Erth      25%        2d5       14%         4
 Cause Fear               Hex            19%        N/A       14%         4
 Dimensional Bullseye     Hex/Tloc       19%        N/A       14%         4
 Flame Wave               Conj/Fire      25%        2d8       14%         4
 Iskenderun's Mystic Bla  Conj/Tloc      25%        2d7       14%         4
 Leda's Liquefaction      Hex/Erth       19%        N/A       14%         4
 Manifold Assault         Tloc           25%        N/A       14%         4
 Passage of Golubria      Tloc           25%        N/A       14%         4
 Sticky Flame             Conj/Fire      25%        2d5       14%         4
 Lee's Rapid Deconstruct  Erth           12%        3d9*      32%         5
 Silence                  Hex/Air        19%        N/A       32%         5
 Polar Vortex             Ice            47%        12d6*     77%         9
 Bombard                  Conj/Erth      12%        9d3       80%         6
 Dispersal                Tloc           12%        N/A       80%         6
 Enfeeble                 Hex            19%        N/A       99%         7
 Malign Gateway           Summ/Tloc      12%        N/A       99%         7
 Disjunction              Tloc           12%        N/A       100%        8
 Lehudib's Crystal Spear  Conj/Erth      12%        10d4      100%        8


Dungeon Overview and Level Annotations

Branches:
Dungeon (15/15)            Temple (1/1) D:5            Lair (5/5) D:11
  Swamp (4/4) Lair:3        Snake (4/4) Lair:2        Slime (0/5) Lair:4
    Orc (2/2) D:10            Elf (0/3) Orc:2        Vaults (2/5) D:14
 Depths (0/4) D:15         Bailey (visited)          WizLab (visited)
  Crypt: Vaults:2-3

Altars:
Ashenzari
Cheibriados
Dithmenos
Fedhas
Gozag
Hepliaklqana
Kikubaaqudgha
Makhleb
Nemelex Xobeh
Okawaru
Qazlal
Ru
Sif Muna
Trog
Uskayaw
Vehumet
Wu Jian
Xom
Yredelemnul
Jiyva

Shops:
D:4 (   D:5 *   D:6 [   D:8 ?   D:9 =   D:11 (:!*   D:13 [(*=   Orc:1 [
Orc:2 ***=*   Snake:1 *   Snake:3 *(*

Annotations:
D:12 3 runed translucent doors, Romerr's ghost, journeyman FoDe


Innate Abilities, Weirdness & Mutations

Your life essence is reduced to manifest your ancestor. (-10% HP)
You have a moderately thin skeletal structure. (Dex +4, Stealth++)
Your demonic aura causes all spilled blood to erupt in flames.
Spells you cast may paralyse nearby enemies.
Your hexes are more powerful.
You have a sharp stinger which inflicts weakening toxins.
You are clumsy. (Dex -2)
You occasionally shout uncontrollably at your foes.


Message History

Your ironbound preserver zombie is engulfed in blazing flames.
Your deep troll zombie is engulfed in blazing flames.
Things that are here:
a +0 great mace; a +0 animal skin A yaktaur captain comes into view.
Something bites your deep troll zombie!!
Something claws your deep troll zombie!
Your deep troll zombie is destroyed!
The yaktaur captain hits you but does no damage.
Your ironbound preserver zombie is engulfed in blazing flames.
You destroy your ironbound preserver zombie!
You swap places.
The yaktaur captain wields a +1 hand cannon of freezing.
It is covered in frost.
The yaktaur captain shoots a bolt.
The bolt hits your deep troll zombie!!!
Something bites your vault warden zombie.
Something claws your vault warden zombie.
Something barely misses your vault warden zombie.
Your vault warden zombie is engulfed in blazing flames.
Hepliaklqana grants Cyneburga healing and protection!
The yaktaur captain unwields a +1 hand cannon of freezing.
The yaktaur captain hits your deep troll zombie!!
Unknown command.
You swap places.
The yaktaur captain wields a +1 hand cannon of freezing.
It is covered in frost.
The yaktaur captain shoots a bolt.
The bolt hits your deep troll zombie!
Things that are here:
a +0 great mace; a +0 animal skin The yaktaur captain shoots a bolt.
The bolt hits your deep troll zombie!!!
Your deep troll zombie is destroyed!
The yaktaur captain shoots a bolt.
The bolt hits your vault warden zombie!!!
The bolt freezes your vault warden zombie.
The yaktaur captain shoots a bolt.
The bolt completely misses your deep troll zombie.
The bolt hits you!!!
* * * LOW HITPOINT WARNING * * *
The bolt freezes you!
You die...

............#
............#
............#########
............#....#..#
##########..#....#..#
#..#....#..# #..#
...#..#
#..#####+..+#####
#..c)Z.@........#
#.○#..ZR........#
#..#####T..+#####
#..#.ZT)#..#
#..#..ZZ#..#
#..#....#..#
#..#....#..#
...######### ...#


You could see the friendly Cyneburga the battlemage (idealised), a yaktaur
captain, a deep troll (ally target), a friendly deep troll zombie and a friendly
vault warden zombie.

Vanquished Creatures
  Norris (Vaults:1)
  A tentacled monstrosity (Swamp:4)
  A tentacled starspawn (WizLab)
  2 thorn hunters
  3 nagarajas (Snake:4)
  Donald (Swamp:1)
  The ghost of Suinaor the Thaumaturge, an adept GnWr of Makhleb (Snake:1)
  3 fenstrider witches
  Louise (D:15)
  2 vault wardens
  An orc warlord (Orc:2)
  3 ironbound preservers
  A vampire knight (D:13)
  4 eleionomae
  2 dire elephants
  4 bunyips
  Azrael (D:15)
  An ettin (Orc:2)
  A green death (Swamp:4)
  A yaktaur captain (Vaults:1)
  3 shambling mangroves (Swamp:4)
  A great orb of eyes (D:15)
  The ghost of Dait Gos the Fighter, a journeyman DrVM of Cheibriados (D:13)
  11 hydras
  5 ghost crabs
  A death knight (D:14)
  7 centaur warriors
  2 boulder beetles
  4 alligators
  3 ogre magi
  9 two-headed ogres
  2 catoblepae
  14 anacondas
  2 ironbound frosthearts (Vaults:1)
  8 naga warriors
  2 thrashing horrors (WizLab)
  13 naga sharpshooters
  13 shock serpents
  4 death yaks (D:11)
  A deep elf knight (D:14)
  A large abomination (WizLab)
  Urug (D:10)
  An orc high priest (Orc:1)
  2 skysharks (Vaults:1)
  Nergalle (Lair:3)
  3 skeletal warriors (D:15)
  A soul eater (Swamp:4)
  A sixfirhy (Swamp:4)
  6 spriggan druids
  6 goliath frogs
  6 anaconda zombies
  8 sea snakes
  A death drake (Swamp:3)
  8 deep trolls
  A flayed ghost (D:15)
  3 naga ritualists
  2 bog bodies
  An occultist (Swamp:4)
  A swamp dragon (Swamp:4)
  A necromancer (D:15)
  A phantasmal warrior (D:13)
  2 ugly thing zombies (Vaults:1)
  A deep elf archer (D:15)
  3 lindwurms (Vaults:1)
  4 orc knights (Orc:2)
  An anaconda skeleton (WizLab)
  10 deep elf pyromancers
  A harpy (shapeshifter) (D:15)
  2 ironbound convokers
  4 mana vipers
  2 deep elf zephyrmancers
  A harpy (Vaults:1)
  4 ugly things
  3 will-o-the-wisps
  A worldbinder (WizLab)
  6 orc sorcerers
  A manticore (D:15)
  11 elephants
  6 salamanders
  A moth of wrath (shapeshifter) (D:15)
  3 cyclopes
  22 black mambas
  3 shock serpent zombies
  4 vault sentinels
  A guardian serpent (Snake:4)
  Joseph (Lair:1)
  4 orange demons
  7 centaur zombies (D:13)
  A water nymph (shapeshifter) (D:15)
  A gargoyle (D:13)
  9 naga magi
  Maggie (D:10)
  10 cane toads
  4 freezing wraiths
  3 komodo dragons
  2 yaktaur zombies (Vaults:1)
  A demonspawn skeleton (WizLab)
  5 yaktaurs (Vaults:1)
  2 sea snake zombies (Snake:4)
  2 kobold demonologists
  A rime drake (Lair:5)
  An unseen horror (WizLab)
  A tengu conjurer (D:13)
  An ancient zyme (WizLab)
  A bloated husk (Swamp:4)
  A meliai (shapeshifter) (D:14)
  3 trolls
  2 wind drakes (WizLab)
  A queen bee (shapeshifter) (D:15)
  10 tyrant leeches
  19 hornets
  A hellwing (Swamp:4)
  Prince Ribbit (D:6)
  8 blink frogs
  A polar bear (Lair:4)
  A spriggan zombie (D:15)
  3 dream sheep (Lair:4)
  7 black mamba zombies
  4 wraiths
  A centaur simulacrum (D:13)
  4 slime creatures
  18 spriggans
  4 wyverns
  A spriggan skeleton (D:15)
  6 basilisks
  26 yaks
  A ynoxinul (WizLab)
  A fire elemental (D:15)
  4 water elementals
  A chaos spawn (Swamp:4)
  18 vampire mosquitoes
  Menkaure (D:6)
  A small abomination (WizLab)
  2 spatial vortices (WizLab)
  2 wargs (Orc:1)
  2 deep troll zombies (Vaults:2)
  12 swamp worms
  Edmund (D:5)
  A two-headed ogre zombie (Orc:2)
  A hell hound (D:14)
  2 acid dragons
  24 nagas
  7 water moccasins
  2 cane toad zombies (Lair:5)
  6 swamp drakes
  20 orc warriors
  2 blink frog zombies (Lair:5)
  3 black bears
  4 elephant zombies
  6 ice beasts
  A sky beast (D:6)
  5 ogres
  13 wolves
  12 centaurs
  2 boggarts (WizLab)
  A rime drake zombie (Lair:5)
  A phantom (D:5)
  2 kobold brigands
  2 salamander zombies (Snake:4)
  A gnoll sergeant (D:4)
  4 human zombies
  14 bullfrogs
  2 scorpions
  A wyvern zombie (Lair:3)
  4 water moccasin zombies
  3 warg zombies (Orc:1)
  4 wights
  10 yak zombies
  A troll zombie (Orc:2)
  3 killer bees (D:9)
  4 howler monkeys
  11 wolf zombies
  5 electric eels
  A crimson imp (WizLab)
  4 bullfrog zombies
  A basilisk zombie (Lair:2)
  6 jellies
  10 orc priests
  2 hounds
  2 gnoll boudas
  Jessica (D:2)
  Ijyb (D:3)
  Natasha (thrice) (D:3)
  5 iguanas
  11 orc wizards
  4 naga zombies (Snake:4)
  4 ogre zombies
  3 ice beast zombies (Lair:5)
  Robin (D:2)
  20 gnolls
  A swamp drake zombie (Lair:5)
  5 adders
  3 shadow imps
  A white imp (Vaults:1)
  2 iguana zombies (Lair:5)
  19 orc zombies
  A worm (D:2)
  7 dart slugs
  60 orcs
  A ball python (D:1)
  9 bats
  7 endoplasms
  2 giant cockroaches
  26 goblins
  9 hobgoblins
  3 jackals (D:3)
  4 quokkas
  3 frilled lizards
  10 kobolds
  5 rats
  2 starspawn tentacles (WizLab)
963 creatures vanquished.

Vanquished Creatures (collateral kills)
  Mlioglotl (Snake:1)
  Rupert (D:15)
  Gastronok (Orc:1)
  Agnes (D:14)
  Aizul (Vaults:1)
  3 nagarajas (Snake:4)
  Roxanne (Swamp:1)
  2 fenstrider witches (Swamp:4)
  An ironbound thunderhulk (Vaults:2)
  3 eleionomae
  Nessos (D:15)
  A bunyip (Swamp:1)
  A crystal guardian (Vaults:1)
  A fire dragon (Lair:5)
  An ettin (Vaults:1)
  Josephine (D:11)
  2 yaktaur captains (Vaults:1)
  Harold (D:9)
  A salamander tyrant (Snake:4)
  2 ogre magi
  A peacekeeper (Vaults:1)
  3 alligators
  A death knight (D:15)
  A boulder beetle (D:12)
  An ironbound frostheart (Vaults:1)
  2 two-headed ogres
  4 naga warriors
  2 centaur warriors
  5 anacondas
  2 death yaks (D:11)
  A sphinx skeleton (D:15)
  An orc high priest (Orc:2)
  2 shock serpents
  A naga sharpshooter (Snake:4)
  Sonja (D:12)
  2 skysharks (Vaults:1)
  A soul eater (Swamp:4)
  2 skeletal warriors (D:15)
  2 arcanists (Vaults:1)
  A salamander mystic (Snake:4)
  5 deep trolls
  An obsidian statue (Snake:1)
  4 sea snakes
  2 swamp dragons
  3 orc knights
  A wolf spider (D:15)
  A bog body (Lair:3)
  An orc sorcerer (Orc:1)
  2 ironbound convokers (Vaults:1)
  A mana viper (Snake:4)
  2 manticores (D:14)
  A moth of wrath (shapeshifter) (Vaults:1)
  A cyclops (Orc:2)
  3 ugly things
  12 elephants
  2 oklob plants
  A centaur zombie (D:13)
  2 salamanders (Snake:4)
  2 guardian serpents (Snake:4)
  A vault sentinel (Vaults:1)
  10 black mambas
  An ice statue (Lair:5)
  3 gargoyles
  An orange demon (Swamp:4)
  3 cane toads
  A naga mage (Snake:2)
  3 rime drakes
  A freezing wraith (D:15)
  An efreet (D:15)
  A yaktaur (Vaults:1)
  2 polar bears
  A troll (D:9)
  A tyrant leech (Swamp:4)
  8 saltlings (Orc:2)
  A raiju (shapeshifter) (D:15)
  A spectral meliai (D:13)
  2 hornets
  3 blink frogs
  2 dream sheep (Lair:4)
  A spriggan (Swamp:3)
  2 shadows (D:10)
  3 slime creatures (D:13)
  A wraith (D:11)
  23 yaks
  3 wyverns
  2 water elementals (D:15)
  2 basilisks
  A fire elemental (D:14)
  11 vampire mosquitoes
  2 wargs (Orc:1)
  A steam dragon (D:7)
  A swamp worm (Swamp:1)
  5 nagas
  4 acid dragons
  A hell hound (D:14)
  4 water moccasins
  Duvessa (D:4)
  10 orc warriors
  2 swamp drakes (Lair:5)
  A black bear (shapeshifter) (D:13)
  6 ice beasts
  2 sky beasts (D:8)
  6 wolves
  4 ogres
  3 centaurs
  A kobold brigand (D:14)
  7 bullfrogs
  A gnoll sergeant (D:7)
  7 wights
  Dowan (D:4)
  3 killer bees (D:9)
  4 howler monkeys
  4 electric eels
  Crazy Yiuf (D:3)
  5 orc priests
  An iguana (Lair:5)
  7 orc wizards
  2 gnolls
  2 white imps (Lair:5)
  18 orcs
  3 goblins (D:7)
  A hobgoblin (Bailey)
  2 kobolds (D:11)
  3 orc zombies
332 creatures vanquished.

Vanquished Creatures (others)
  A green death (Swamp:4)
  An ogre mage (Swamp:4)
  2 anaconda zombies
  A sixfirhy (Swamp:4)
  A will-o-the-wisp (Swamp:4)
  An ugly thing zombie (Vaults:1)
  4 shock serpent zombies
  A yaktaur zombie (Vaults:1)
  A mana viper zombie (Snake:1)
  2 sea snake zombies
  A moth of wrath zombie (Vaults:1)
  A guardian serpent zombie (Snake:4)
  An ettin zombie (Vaults:1)
  A black mamba zombie (Snake:4)
  A fire elemental (D:15)
  A chaos spawn (Swamp:4)
  4 deep troll zombies (Vaults:2)
  4 two-headed ogre zombies (Orc:2)
  2 salamander zombies (Snake:4)
  2 cane toad zombies
  3 blink frog zombies (Lair:5)
  3 human zombies
  5 elephant zombies
  A wolf (Lair:2)
  A rime drake zombie (Lair:2)
  A polar bear zombie (Lair:5)
  A yak zombie (Lair:5)
  An electric eel (D:15)
  2 centaur zombies (D:13)
  3 bullfrog zombies
  A basilisk zombie (Lair:5)
  22 battlemagi
  2 ogre zombies
  2 ice beast zombies (Lair:5)
  11 naga zombies
  3 ancestors
  An iguana zombie (Lair:5)
  12 orc zombies
  A foxfire (Swamp:2)
  2 starspawn tentacles (WizLab)
111 creatures vanquished.

Grand Total: 1406 creatures vanquished

Notes
Turn   | Place    | Note
-------+----------+-------------------------------------------
     0 | D:1      | Arzdou the Demonspawn Shapeshifter began the quest for the
                  | Orb.
     0 | D:1      | Reached XP level 1. HP: 15/15 MP: 1/1
    51 | D:1      | Gained mutation: Spells you cast may paralyse adjacent
                  | enemies. [demonic ancestry]
    51 | D:1      | Reached XP level 2. HP: 10/21 MP: 2/2
   542 | D:1      | Reached XP level 3. HP: 26/26 MP: 3/3
  1026 | D:2      | Noticed Jessica
  1158 | D:2      | Killed Jessica
  1209 | D:2      | Noticed Robin
  1230 | D:2      | Reached XP level 4. HP: 30/32 MP: 4/4
  1248 | D:2      | Killed Robin
  2285 | D:3      | Noticed Ijyb
  2328 | D:3      | Paralysed by Ijyb for 3 turns
  2336 | D:3      | Paralysed by Ijyb for 3 turns
  2340 | D:3      | Killed Ijyb
  2341 | D:3      | Reached XP level 5. HP: 37/37 MP: 5/5
  2897 | D:3      | Noticed Natasha
  2906 | D:3      | Killed Natasha
  3007 | D:3      | Found a runed translucent door.
  3008 | D:3      | Noticed Crazy Yiuf
  3210 | D:3      | Noticed Natasha
  3220 | D:3      | Killed Natasha
  3474 | D:3      | Noticed Natasha
  3481 | D:3      | Killed Natasha
  3814 | D:3      | Found a runed translucent door.
  4025 | D:3      | Gained mutation: Your demonic aura sometimes causes spilled
                  | blood to erupt in flames. [demonic ancestry]
  4025 | D:3      | Reached XP level 6. HP: 22/43 MP: 6/6
  4344 | D:4      | Found Ephuj's Antique Weapon Boutique.
  4594 | D:4      | Reached skill level 5 in Unarmed Combat
  4673 | D:4      | Reached skill level 5 in Shapeshifting
  4814 | D:4      | Gained mutation: Your demonic aura often causes spilled
                  | blood to erupt in flames. [demonic ancestry]
  4814 | D:4      | Reached XP level 7. HP: 40/48 MP: 7/7
  5008 | D:4      | Noticed Dowan
  5008 | D:4      | Noticed Duvessa
  5240 | D:5      | Entered Level 5 of the Dungeon
  5556 | D:5      | Found a staircase to the Ecumenical Temple.
  5562 | Temple   | Entered the Ecumenical Temple
  5569 | Temple   | Became a worshipper of Hepliaklqana the Forgotten
  5914 | D:5      | Noticed Edmund
  5931 | D:5      | Killed Edmund
  6172 | D:5      | Found Viptui's Gadget Gallery.
  6611 | D:6      | Noticed Menkaure
  6618 | D:5      | Gained mutation: Spells you cast may paralyse nearby
                  | enemies. [demonic ancestry]
  6618 | D:5      | Reached XP level 8. HP: 54/54 MP: 8/8
  6620 | D:6      | Noticed Prince Ribbit
  6877 | D:6      | Reached skill level 1 in Spellcasting
  6941 | D:6      | Found Ucole's Antique Armour Shop.
  6997 | D:6      | Reached * piety under Hepliaklqana
  7149 | D:6      | Killed Prince Ribbit
  7496 | D:6      | Killed Menkaure
  7846 | D:6      | Identified a scroll of acquirement
  7846 | D:6      | Acquired the +0 pair of boots of Happy Babbling {Int+5
                  | SInv}
  7958 | D:7      | Gained mutation: You have a small tail. [demonic ancestry]
  7958 | D:7      | Reached XP level 9. HP: 45/54 MP: 15/15
  7975 | D:7      | Reached skill level 1 in Necromancy
  8296 | D:7      | Reached skill level 5 in Spellcasting
  8475 | D:7      | Found a flagged portal.
  8486 | Bailey   | Entered a bailey
  8780 | Bailey   | Reached skill level 5 in Fighting
  8780 | Bailey   | Reached skill level 5 in Necromancy
  9122 | Bailey   | Noticed a kobold demonologist
  9132 | Bailey   | Noticed a soul eater
  9133 | Bailey   | Noticed a rust devil
  9136 | Bailey   | Killed a kobold demonologist
  9137 | Bailey   | Noticed an orc sorcerer
  9138 | Bailey   | Found an iron altar of Okawaru.
  9145 | Bailey   | Noticed a sun demon
  9146 | Bailey   | Killed an orc sorcerer
  9147 | Bailey   | Reached skill level 1 in Invocations
  9147 | Bailey   | Gained mutation: You have a tail ending in a sharp stinger.
                  | [demonic ancestry]
  9147 | Bailey   | Reached XP level 10. HP: 32/71 MP: 17/17
  9478 | Bailey   | Acquired the crystal ball of Wucad Mu {*channel}
  9478 | Bailey   | Found the crystal ball of Wucad Mu {*channel}
  9682 | D:7      | Learned a level 1 spell: Necrotise
  9686 | D:7      | Learned a level 3 spell: Vampiric Draining
  9692 | D:7      | Learned a level 5 spell: Agony
 10229 | D:8      | Reached skill level 1 in Ice Magic
 10260 | D:8      | Reached ** piety under Hepliaklqana
 10261 | D:8      | Remembered your ancestor Cyneburga as a battlemage
 10327 | D:8      | Found a sacrificial altar of Ru.
 10535 | D:8      | Found a basalt altar of Yredelemnul.
 10625 | D:8      | Found Wihapo's Magic Scroll Shop.
 10640 | D:8      | Bought a scroll of identify for 28 gold pieces
 10640 | D:8      | Bought a scroll of identify for 28 gold pieces
 10640 | D:8      | Bought a scroll of identify for 28 gold pieces
 10640 | D:8      | Bought a scroll of identify for 28 gold pieces
 10676 | D:8      | Reached skill level 2 in Ice Magic
 10767 | D:8      | Found an ancient bone altar of Kikubaaqudgha.
 11431 | D:9      | Found Heagicits's Jewellery Shoppe.
 11487 | D:9      | Reached skill level 3 in Ice Magic
 11561 | D:9      | Noticed Harold
 11567 | D:9      | Killed Harold
 11707 | D:9      | Reached *** piety under Hepliaklqana
 11753 | D:9      | Identified the "Kudoifix" (You acquired it on level 9 of
                  | the Dungeon)
 11770 | D:9      | Gained mutation: Your demonic aura causes all spilled blood
                  | to erupt in flames. [demonic ancestry]
 11770 | D:9      | Reached XP level 11. HP: 77/77 MP: 14/18
 11771 | D:9      | Reached skill level 4 in Ice Magic
 12387 | D:9      | Acquired 700 gold pieces
 12448 | D:9      | Bought a +6 ring of intelligence for 468 gold pieces
 12465 | D:10     | Entered Level 10 of the Dungeon
 12608 | D:10     | Found a staircase to the Orcish Mines.
 12926 | D:10     | Noticed Maggie
 12941 | D:10     | Killed Maggie
 13151 | D:10     | Noticed Urug
 13159 | D:10     | Killed Urug
 13160 | D:10     | Reached skill level 1 in Staves
 13950 | D:11     | Found Edud Suty's Weapon Emporium.
 14000 | D:11     | Noticed Josephine
 14214 | D:11     | Killed Josephine
 14215 | D:11     | Reached skill level 5 in Ice Magic
 14369 | D:11     | Reached skill level 10 in Necromancy
 14381 | D:11     | Noticed a cyan ugly thing
 14386 | D:11     | Killed a cyan ugly thing
 14513 | D:6      | Bought a glowing scarf for 192 gold pieces
 14755 | D:11     | Noticed a death yak
 14761 | D:11     | Noticed a death yak
 14761 | D:11     | Noticed a death yak
 14767 | D:11     | Killed a death yak
 14902 | D:11     | Noticed a death yak
 14907 | D:11     | Noticed a death yak
 14910 | D:11     | Killed a death yak
 14939 | D:11     | Killed a death yak
 14940 | D:11     | Reached skill level 6 in Ice Magic
 14943 | D:11     | Killed a death yak
 14944 | D:11     | Noticed a death yak
 14949 | D:11     | Killed a death yak
 14950 | D:11     | Reached skill level 5 in Dodging
 14950 | D:11     | Gained mutation: You have a somewhat thin skeletal
                  | structure. (Dex +2, Stealth+) [demonic ancestry]
 14950 | D:11     | Reached XP level 12. HP: 63/82 MP: 4/19
 14954 | D:11     | Killed a death yak
 15184 | D:11     | Noticed a two-headed ogre
 15190 | D:11     | Killed a two-headed ogre
 15191 | D:11     | Reached skill level 5 in Staves
 15212 | D:11     | Found Gaush's Distillery.
 15217 | D:11     | Found Lent's Book Shop.
 15237 | D:11     | Learned a level 1 spell: Freeze
 15302 | D:11     | Found Efaixkun's Assorted Antiques.
 15387 | D:11     | Reached skill level 7 in Ice Magic
 15393 | D:11     | Found a staircase to the Lair.
 15527 | Lair:1   | Entered Level 1 of the Lair of Beasts
 15653 | D:11     | Bought the Commentary on Despicable Secrets and the Winter
                  | for 280 gold pieces
 15658 | D:11     | Learned a level 4 spell: Animate Dead
 16121 | Lair:1   | Noticed Joseph
 16134 | Lair:1   | Killed Joseph
 16893 | Lair:1   | Reached **** piety under Hepliaklqana
 17596 | Lair:2   | Gained mutation: You have a sharp stinger which inflicts
                  | weakening toxins. [demonic ancestry]
 17596 | Lair:2   | Reached XP level 13. HP: 83/88 MP: 8/26
 17600 | Lair:2   | Reached skill level 10 in Spellcasting
 17719 | Lair:2   | Found the +3 crown of Dyrovepreva {rElec Int+2 SInv}
 17753 | Lair:2   | Learned a level 3 spell: Frozen Ramparts
 17757 | Lair:2   | Learned a level 3 spell: Ozocubu's Armour
 17765 | Lair:2   | Learned a level 7 spell: Ozocubu's Refrigeration
 17821 | Lair:2   | Found a staircase to the Snake Pit.
 18707 | Lair:3   | Noticed Nergalle
 18798 | Lair:3   | Reached skill level 5 in Invocations
 18836 | Lair:3   | Found a staircase to the Swamp.
 19648 | D:3      | Killed Crazy Yiuf
 19652 | D:3      | Identified the +5 hammer of Moral Flaws {freeze, MP+9 Dex-3
                  | SInv}
 19810 | D:4      | Killed Dowan
 19814 | D:4      | Killed Duvessa
 20525 | Lair:3   | Noticed a dire elephant
 20659 | Lair:3   | Killed a dire elephant
 20667 | Lair:3   | Killed Nergalle
 21119 | Lair:3   | Reached skill level 10 in Fighting
 21480 | Lair:3   | Learned a level 4 spell: Dispel Undead
 21800 | Lair:4   | Found a transporter.
 21979 | Lair:4   | Gained mutation: You have a moderately thin skeletal
                  | structure. (Dex +4, Stealth++) [demonic ancestry]
 21979 | Lair:4   | Reached XP level 14. HP: 99/99 MP: 28/28
 22041 | Lair:4   | Reached ***** piety under Hepliaklqana
 22105 | Lair:4   | You fall into a shaft and drop 1 floor!
 22105 | Lair:5   | Entered Level 5 of the Lair of Beasts
 22492 | Lair:4   | Found a viscous altar of Jiyva.
 22492 | Lair:4   | Found a staircase to the Slime Pits.
 22511 | Lair:4   | Found a transporter.
 22754 | Lair:4   | Identified the ring "Xofobbud" {Ice Str+2 Dex-3 Slay+2
                  | SInv}
 22758 | Lair:4   | Identified the +0 hat of Mezcal {rPois Int+4}
 23350 | Lair:5   | Reached skill level 8 in Ice Magic
 23653 | Lair:5   | Reached skill level 10 in Invocations
 23715 | Lair:5   | Identified the ring "Xynkus" {Wiz Int+2 Stlth+}
 24786 | Orc:1    | Entered Level 1 of the Orcish Mines
 24786 | Orc:1    | Found a radiant altar of Vehumet.
 25178 | Orc:1    | Found Tegysei's Antique Armour Emporium.
 25227 | Orc:1    | Noticed Gastronok
 25237 | Orc:1    | Killed Gastronok
 25238 | Orc:1    | Reached skill level 9 in Ice Magic
 25349 | Orc:1    | Bought an ancient robe for 119 gold pieces
 25349 | Orc:1    | Identified the +0 robe "Jeohie Sutu" {rPois} (You bought it
                  | in a shop on level 1 of the Orcish Mines)
 25512 | Orc:1    | Found a bloodstained altar of Trog.
 25798 | Orc:2    | Entered Level 2 of the Orcish Mines
 25829 | Orc:2    | Found a staircase to the Elven Halls.
 26149 | Orc:2    | Found Tumulet's General Store.
 26175 | Orc:2    | Reached skill level 10 in Ice Magic
 26757 | Orc:2    | Found Zesess Jyigu's Assorted Antiques.
 26767 | Orc:2    | Found Qatt's Jewellery Shop.
 27033 | Orc:2    | Noticed an orc warlord
 27049 | Orc:2    | Killed an orc warlord
 27135 | Orc:2    | Found Detuza Ityli's General Store.
 27418 | Orc:2    | Found Jionug's Assorted Antiques.
 27670 | Orc:2    | Bought a runed beryl amulet for 120 gold pieces
 27733 | Orc:2    | Bought a potion of heal wounds for 70 gold pieces
 27906 | D:11     | Bought a book of Ice for 700 gold pieces
 28018 | D:12     | Gained mutation: Your hexes are more powerful. [demonic
                  | ancestry]
 28018 | D:12     | Reached XP level 15. HP: 70/108 MP: 21/29
 28448 | D:12     | Noticed Sonja
 28451 | D:12     | Found a runed translucent gate.
 28451 | D:12     | Noticed an acid blob
 28454 | D:12     | Killed Sonja
 28456 | D:12     | Noticed Romerr's ghost (journeyman FoDe)
 28461 | D:12     | Noticed an acid blob
 28461 | D:12     | Noticed an acid blob
 28462 | D:12     | Found a runed translucent gate.
 28462 | D:12     | Found a runed translucent gate.
 28462 | D:12     | Noticed an azure jelly
 28462 | D:12     | Noticed an acid blob
 28462 | D:12     | Noticed a rockslime
 28463 | D:12     | Found a viscous altar of Jiyva.
 28464 | D:12     | Noticed an azure jelly
 28692 | D:12     | You fall into a shaft and drop 1 floor!
 28739 | D:13     | Found a transporter.
 28739 | D:13     | Noticed Dait Gos's ghost (journeyman DrVM)
 28771 | D:13     | Found the +8 Vampire's Tooth {megavamp}
 28773 | D:13     | Found a transporter.
 28773 | D:13     | Found the +3 giant club "Skullcrusher" {speed, Str+7}
 28856 | D:13     | Found Ugrirche's Assorted Antiques.
 28866 | D:13     | Bought a twisted robe for 176 gold pieces
 28866 | D:13     | Identified the +0 robe of Grace {Dex+6} (You bought it in a
                  | shop on level 13 of the Dungeon)
 29180 | D:13     | Found Roapsilae's Antique Armour Shop.
 29256 | D:13     | Found Ciobein's Antique Weapon Shop.
 29321 | D:13     | Reached skill level 11 in Ice Magic
 29709 | D:13     | Found Peluna Bovi's Jewellery Boutique.
 29847 | D:13     | Killed Dait Gos's ghost
 30149 | D:14     | Reached skill level 1 in Short Blades
 30149 | D:14     | Reached skill level 1 in Stealth
 30262 | D:14     | Found a gate to the Vaults.
 30513 | D:14     | Noticed Agnes
 30517 | D:14     | Killed Agnes
 30762 | D:14     | Found a portal to a secret trove of treasure.
 31045 | D:8      | Bought a scroll of fog for 56 gold pieces
 31253 | D:14     | You paid a toll of 5 scrolls of fog to enter a treasure
                  | trove
 31254 | Trove    | Entered a treasure trove
 31281 | Trove    | Identified the +3 war axe of Jogonuesh {chaos, *Rage Fly
                  | rCorr Int+8}
 31283 | Trove    | Identified the +2 short sword of Diet Blood {pain, Str+3}
 31336 | Trove    | Reached skill level 12 in Ice Magic
 31336 | Trove    | Reached XP level 16. HP: 114/114 MP: 30/30
 31337 | Trove    | Reached skill level 13 in Ice Magic
 31337 | Trove    | Reached XP level 17. HP: 119/119 MP: 31/31
 31664 | D:14     | Reached ****** piety under Hepliaklqana
 32354 | D:15     | Entered Level 15 of the Dungeon
 32384 | D:15     | Noticed Louise
 32390 | D:15     | Noticed Azrael
 32390 | D:15     | Noticed Nessos
 32390 | D:15     | Noticed Rupert
 32530 | D:15     | Killed Azrael
 32768 | D:15     | Killed Louise
 32771 | D:15     | Killed Nessos
 32931 | D:15     | Killed Rupert
 33011 | D:15     | Found a staircase to the Depths.
 33719 | D:15     | Reached skill level 5 in Stealth
 33771 | D:15     | Reached skill level 5 in Short Blades
 33771 | D:15     | Reached XP level 18. HP: 105/126 MP: 30/33
 33771 | D:15     | Paralysed by a great orb of eyes for 4 turns
 34556 | Snake:1  | Entered Level 1 of the Snake Pit
 34980 | Snake:1  | Reached skill level 10 in Dodging
 35239 | Snake:1  | Noticed Mlioglotl
 35249 | Snake:1  | Killed Mlioglotl
 35476 | Snake:1  | Found a runed translucent gate.
 35476 | Snake:1  | Found a runed translucent gate.
 35476 | Snake:1  | Found a runed translucent gate.
 35477 | Snake:1  | Found an opulent altar of Gozag.
 35478 | Snake:1  | Noticed Suinaor's ghost (adept GnWr)
 35480 | Snake:1  | Found Soajoran's Assorted Antiques.
 35618 | Snake:1  | Killed Suinaor's ghost
 36163 | Snake:1  | Reached skill level 14 in Ice Magic
 36667 | Snake:1  | Bought a bound silver ring for 190 gold pieces
 36667 | Snake:1  | Identified the ring "Beaca" {rF+ rC+ rCorr Str-2} (You
                  | bought it in a shop on level 1 of the Snake Pit)
 37287 | Snake:2  | You fall into a shaft and drop 1 floor!
 38477 | Snake:3  | Found Fien Xach's Assorted Antiques.
 38479 | Snake:3  | Found Rych's Antique Weapon Shop.
 38481 | Snake:3  | Found Qojuu's General Store.
 38830 | Snake:3  | Learned a level 6 spell: Simulacrum
 39590 | Snake:4  | Entered Level 4 of the Snake Pit
 40051 | Snake:4  | Gained mutation: You are clumsy. (Dex -2) [mutagenic glow]
 40060 | Snake:4  | Gained mutation: You occasionally shout uncontrollably at
                  | your foes. [mutagenic glow]
 40361 | Snake:4  | Reached skill level 15 in Ice Magic
 40816 | Snake:4  | Reached XP level 19. HP: 123/131 MP: 26/34
 40832 | Snake:4  | HP: 1/131 [naga warrior/+0 glaive of protection (21)]
 41729 | Snake:4  | Got a serpentine rune of Zot
 42195 | Swamp:1  | Entered Level 1 of the Swamp
 42199 | Swamp:1  | Reached skill level 10 in Short Blades
 42457 | Swamp:1  | Noticed Donald
 42459 | Swamp:1  | Killed Donald
 42731 | Swamp:1  | Noticed Roxanne
 42752 | Swamp:1  | Killed Roxanne
 43150 | Swamp:2  | Reached skill level 16 in Ice Magic
 44976 | Swamp:4  | Entered Level 4 of the Swamp
 45501 | Swamp:4  | Paralysed by an ogre mage for 2 turns
 45656 | Swamp:4  | Paralysed by a fenstrider witch for 2 turns
 45685 | Swamp:4  | Paralysed by a fenstrider witch for 5 turns
 45795 | Swamp:4  | Got a decaying rune of Zot
 45910 | Swamp:4  | Reached XP level 20. HP: 123/137 MP: 18/38
 46125 | Swamp:4  | Reached skill level 15 in Spellcasting
 46378 | Swamp:4  | Upgraded the game from 0.31-a0-889-g1a8549509d to
                  | 0.31-a0-920-g28cbb04a8c
 46640 | WizLab   | Identified the "Efic"
 46640 | Vaults:1 | Entered Level 1 of the Vaults
 46790 | Vaults:1 | Found a magical portal.
 46795 | WizLab   | Entered The Roulette of Golubria
 46795 | WizLab   | Found a transporter.
 46800 | WizLab   | Found a corrupted altar of Lugonu.
 46870 | WizLab   | Found a transporter.
 47041 | WizLab   | Found a transporter.
 47057 | WizLab   | Found a transporter.
 47057 | WizLab   | Found a transporter.
 47259 | WizLab   | Found a transporter.
 47313 | WizLab   | Found a transporter.
 47447 | WizLab   | Found a corrupted altar of Lugonu.
 47447 | WizLab   | Found a transporter.
 47474 | WizLab   | Found a transporter.
 47521 | WizLab   | Found a transporter.
 47568 | WizLab   | Found a transporter.
 47568 | WizLab   | Found a transporter.
 47863 | WizLab   | Found a transporter.
 47863 | WizLab   | Found a transporter.
 47898 | WizLab   | Learned a level 2 spell: Blink
 47919 | WizLab   | Found a transporter.
 47919 | WizLab   | Found a transporter.
 48237 | Vaults:1 | Identified the ring "Fouqehoc" {Fly Int+4 Dex+6}
 48584 | Vaults:1 | Identified the +3 mace of Burriu {freeze, rPois rC- Dex+8}
 48591 | Vaults:1 | Identified the +0 leather armour of the Hall of Blades
                  | {rCorr}
 48592 | Vaults:1 | Identified the +0 plate armour of Parts Unknown {Fly Str+3
                  | Stlth+}
 49342 | Vaults:1 | Noticed Aizul
 49349 | Vaults:1 | Killed Aizul
 49504 | Vaults:1 | Noticed Norris
 49525 | Vaults:1 | Killed Norris
 49800 | Vaults:1 | Identified the +10 hand cannon "Soynal" {freeze, Stlth+}
 49876 | Vaults:1 | Reached skill level 15 in Invocations
 49963 | Vaults:1 | Identified the +10 shortbow of the Four Invaders {heavy,
                  | rElec rPois}
 50393 | Vaults:2 | HP: 6/137 [yaktaur captain/bolt (36)]
 50393 | Vaults:2 | Shot with a bolt by a yaktaur captain

Illustrated notes

Levels and vault maps discovered:
D:1:      minmay_arrival_open_corners, layout_loops_ring, dk_noncrumbling_3,
          minmay_ruptured
D:2:      layout_basic, uniq_jessica, uniq_robin
D:3:      kennysheep_goblin_castle, layout_basic, uniq_ijyb, uniq_natasha,
          uniq_crazy_yiuf_cottage
D:4:      nicolae_cairo_tiling_large, layout_cave_pods, serial_shops,
          nicolae_shop_dealshenge, uniq_duvessa
D:5:      nicolae_cairo_tiling_very_big, layout_loops_corners, temple_green,
          nicolae_shop_gadgets, uniq_edmund
D:6:      layout_cave_pools, serial_shops, nicolae_shop_crystal,
          uniq_prince_ribbit1, uniq_menkaure
D:7:      hellmonk_destroyed_diamonds, layout_rooms, enter_bailey_3
D:8:      layout_loops_cross, mainiacjoe_overflow_large_starburst,
          kiku_gazebo_pond_becter, serial_shops, shop
D:9:      layout_grid_maze, serial_shops, shop, uniq_harold
D:10:     layout_basic, uniq_urug, uniq_maggie
D:11:     layout_basic, dpeg_lair_monsters, serial_shops, shop, shop, shop,
          shop, uniq_josephine
D:12:     layout_gridville, gammafunk_ghost_ooze, uniq_sonja
D:13:     minmay_inner_zag, layout_grid_maze, gammafunk_ghost_mausoleum,
          serial_shops, shop, shop, nicolae_shop_tiny_statue_garden,
          nicolae_lakefront_shop
D:14:     layout_layer_cave, hangedman_vaults_entry_quadrant_bands,
          nicolae_trove_entry_crossroad, uniq_agnes
D:15:     gammafunk_depths_entry_grave, layout_basic, minivault_28, uniq_azrael,
          uniq_louise, uniq_nessos, uniq_rupert
Temple:   compressed_dpeg_triangle_lava_temple
Lair:1:   layout_cave_pods, nicolae_lair_lil_pond, uniq_joseph
Lair:2:   layout_hall_layers, minmay_snake_entry_guardpost_small,
          chequers_serial_rivers_micro_c, grunt_megastairs_5
Lair:3:   mu_elephants_graveyard, layout_chaotic_city,
          skrybe_swamp_entry_bodies, basic_altar, beast_lair_carwin_10,
          uniq_nergalle
Lair:4:   gammafunk_worm_tunnel, layout_long_grid, dpeg_slime_entry_enclosed,
          minmay_holes
Lair:5:   guppyfry_lair_end_dragon, layout_regular_city, ice2_lemuel,
          grunt_megastairs_4
Swamp:1:  layout_basic_swamp, hangedman_swamp_ruin_wall, swamp_pool2,
          ldierk_geyser, uniq_donald, uniq_roxanne
Swamp:2:  layout_falls_marsh, evilmike_swamp_ruin_house_5,
          infiniplex_staircase_pool
Swamp:3:  layout_falls_marsh, evilmike_swamp_ruin_rubble_1, swamp_pool1,
          nicolae_swamp_reclaimed_castle
Swamp:4:  nzn_swamp_witches_coven, layout_basic_swamp, swamp_pool5
Snake:1:  minmay_snake_river, layout_layer_cave, ebering_ghost_gozag,
          uniq_mlioglotl
Snake:2:  layout_grid_shapes
Snake:3:  layout_layer_cave, minmay_shop_star
Snake:4:  grunt_snake_rune_pools, layout_gridlike, nicolae_snake_bzzzt
Orc:1:    layout_caves, serial_shops, nicolae_square_shop,
          hangedman_feature_mirror, uniq_gastronok
Orc:2:    hellmonk_orc_salted, layout_caves, serial_shops,
          nicolae_shop_tiny_real_fake_doors
Vaults:1: mu_enter_wizlab_2, nicolae_vaults_storing_the_good_stuff,
          hangedman_vaults_locks, nicolae_vaults_offset_grid_hallway_1,
          hangedman_vaults_restitches, v_alt_pattern_5,
          nicolae_vaults_little_squares_1, nicolae_vaults_tetromino_T_1,
          serial_ice_g, vaults_dpeg_ring, nicolae_vaults_asterisk,
          nicolae_vaults_three_branches, nicolae_vaults_alarming,
          layout_vaults_omnicross, uniq_norris, uniq_aizul
Vaults:2: ontoclasm_vaults_ring_small, st_quartered_hall, v_misc_28,
          nicolae_vaults_apartment_1, hangedman_vaults_capsules,
          vaults_room_pools, v_pattern_1, nicolae_vaults_little_squares_1,
          minmay_crypt_entry_simple_sparse, layout_vaults_big_room

Skill      XL: |  1  2  3  4  5  6  7  8  9 10 11 12 13 14 15 16 17 18 19 20 |
---------------+-------------------------------------------------------------+-----
Unarmed Combat | 3 4 5 6 7 |  7.0
Shapeshifting  | 3 4 5 6 7 |  7.0
Spellcasting   | 4 5 9 10 11 14 15 | 15.0
Fighting       | 7 8 10 12 | 12.0
Necromancy     | 5 8 10 12 | 12.0
Invocations    | 1 4 8 10 15 | 15.7
Ice Magic      | 3 6 7 10 12 13 15 16 | 16.2
Dodging        | 5 6 7 9 10 | 10.0
Staves         | 4 5 |  5.0
Short Blades   | 2 5 9 10 | 10.0
Stealth        | 2 5 7 8 |  8.0

Action                     |  1- 3 |  4- 6 |  7- 9 | 10-12 | 13-15 | 16-18 | 19-21 || total
---------------------------+-------+-------+-------+-------+-------+-------+-------++-------
  Melee: Unarmed           |   101 |   196 |   331 |    29 |    74 |       |       ||   731
         Punch             |     3 |     4 |    11 |     2 |       |       |       ||    20
         Tailslap          |       |       |    21 |    36 |    70 |    80 |    37 ||   244
         Staff             |       |       |       |   161 |   152 |       |       ||   313
         Quick blade       |       |       |       |       |    69 |   362 |   157 ||   588
   Cast: Vampiric Draining |       |       |       |   120 |   184 |    33 |    12 ||   349
         Agony             |       |       |       |    13 |    35 |     8 |     7 ||    63
         Animate Dead      |       |       |       |     6 |    16 |    14 |     3 ||    39
         Frozen Ramparts   |       |       |       |       |    21 |     7 |     1 ||    29
         Ozocubu's Armour  |       |       |       |       |    19 |     8 |     3 ||    30
         Necrotise         |       |       |       |       |     1 |       |       ||     1
         Dispel Undead     |       |       |       |       |    12 |    18 |       ||    30
         Ozocubu's Refrige |       |       |       |       |       |    95 |   297 ||   392
         Simulacrum        |       |       |       |       |       |     9 |     2 ||    11
         Blink             |       |       |       |       |       |       |     2 ||     2
 Invoke: Ancestor Identity |       |       |     2 |       |       |       |       ||     2
         Recall Ancestor   |       |       |       |     5 |     6 |     4 |     2 ||    17
         Ancestor Life: Ba |       |       |       |     1 |       |       |       ||     1
         Idealise          |       |       |       |       |     4 |     3 |     9 ||    16
  Evoke: Wand              |       |       |     7 |    22 |     1 |     4 |       ||    34
    Use: Potion            |       |     1 |     2 |     4 |     4 |     2 |     4 ||    17
         Scroll            |       |     3 |    10 |    13 |    12 |     3 |     3 ||    44
   Stab: Paralysed         |       |       |       |    28 |    40 |    27 |     5 ||   100
         Distracted        |       |       |       |     1 |     2 |     8 |     2 ||    13
         Invisible         |       |       |       |       |     1 |       |       ||     1
         Sleeping          |       |       |       |       |     5 |     7 |    13 ||    25
 Armour: Animal skin       |     5 |       |       |       |       |       |       ||     5
         Scale mail        |    61 |   150 |   187 |     6 |       |       |       ||   404
         Skin              |       |     3 |     1 |     2 |       |       |       ||     6
         Robe              |       |       |    47 |   272 |   386 |   263 |   148 ||  1116
  Dodge: Dodged            |    56 |   110 |   160 |   197 |   356 |   195 |    83 ||  1157
         Form:             |       |       |     1 |       |       |       |       ||     1

Table legend: (Time is in decaauts)
 A = Elapsed time spent in this place.
 B = Non-inter-level travel time spent in this place.
 C = Inter-level travel time spent in this place.
 D = Time resting spent in this place.
 E = Time spent auto-exploring this place.
 F = Levels seen in this place.
 G = Mean time per level.
                   A        B        C        D        E       F      G
               +--------+--------+--------+--------+--------+-----+--------+
         Total |  50712 |  45979 |   4733 |   9424 |  28254 |  36 | 1408.7 |
       Dungeon |  22331 |  19581 |   2750 |   3136 |  12793 |  15 | 1488.7 |
        Temple |     14 |      8 |      6 |      0 |      0 |   1 |   14.0 |
          Lair |   8553 |   7555 |    998 |   1712 |   4324 |   5 | 1710.6 |
         Swamp |   4500 |   4156 |    344 |    546 |   3103 |   4 | 1125.0 |
     Snake Pit |   7605 |   7309 |    296 |   1946 |   4376 |   4 | 1901.2 |
  Orcish Mines |   2687 |   2381 |    306 |    391 |   1578 |   2 | 1343.5 |
        Vaults |   2605 |   2574 |     31 |    953 |   1159 |   2 | 1302.5 |
         Trove |    128 |    128 |      0 |      0 |     40 |   1 |  128.0 |
        Bailey |   1163 |   1163 |      0 |    493 |    329 |   1 | 1163.0 |
        Wizlab |   1121 |   1121 |      0 |    247 |    550 |   1 | 1121.0 |
               +--------+--------+--------+--------+--------+-----+--------+

Top non-repeatable levels by time:
     D:3: 2544 daAuts
 Snake:4: 2476 daAuts
Vaults:1: 2445 daAuts
 Snake:1: 2428 daAuts
  Lair:1: 2210 daAuts
    D:14: 2175 daAuts
    D:10: 2016 daAuts
   Orc:2: 1994 daAuts
     D:9: 1858 daAuts
  Lair:2: 1837 daAuts
 Snake:3: 1767 daAuts
    D:11: 1766 daAuts
    D:15: 1685 daAuts
  Lair:3: 1584 daAuts
  Lair:5: 1575 daAuts
